 Dungeon Crawl Stone Soup version 0.31.0-11-ge490571c62 (webtiles) character file.

Game seed: 10738990307877529389

79394 stipulation the Lord of Darkness (level 15, -1/63 HPs)
             Began as a Vine Stalker Necromancer on Jan 27, 2024.
             Was the Champion of Kikubaaqudgha.
             Slain by a soul eater (5 damage)
             ... summoned by an orc sorcerer
             ... on level 2 of the Orcish Mines.
             The game lasted 01:16:26 (19719 turns).

stipulation the Lord of Darkness (VSNe)            Turns: 19719, Time: 01:16:27

Health: -1/63      AC: 10    Str: 13    XL:     15   Next: 63%
Magic:  0/37       EV: 21    Int: 21    God:    Kikubaaqudgha [******]
Gold:   1833       SH:  0    Dex: 14    Spells: 16/48 levels left

rFire   + + +        D - staff of death
rCold   . . .        (no shield)
rNeg    + . .        T - +2 leather armour {rF+}
rPois   .            K - +1 helmet
rElec   .            R - +1 cloak {rF+}
rCorr   .            (no gloves)
SInv    .            j - +0 pair of boots
Will    +....        q - amulet of magic regeneration
Stlth   ++           p - ring of protection from fire
HPRegen 1.10/turn    o - ring of the Hare {EV+10}
MPRegen 0.65/turn

%: guardian spirit
@: death channelling
A: fangs 3, regeneration 1, magic shield, antimagic bite, no potion heal 2
a: Renounce Religion, Unearth Wretches, Torment


You were on level 2 of the Orcish Mines.
You worshipped Kikubaaqudgha.
Kikubaaqudgha was exalted by your worship.
You visited 4 branches of the dungeon, and saw 18 of its levels.
You also visited: Volcano.

You collected 2043 gold pieces.
You spent 210 gold pieces at shops.

Inventory:

Hand Weapons
 f - a +0 dagger
Missiles
 e - 48 poisoned darts
Armour
 j - a +0 pair of boots (worn)
 K - a +1 helmet (worn)
 R - a +1 cloak of fire resistance (worn)
 T - a +2 leather armour of fire resistance (worn)
Magical Staves
 D - a staff of death (weapon)
Jewellery
 k - a +5 ring of evasion
 o - the ring of the Hare (right hand) {EV+10}
   (You found it on level 4 of the Dungeon)

   [ring of evasion]

   EV+10:     It affects your evasion (+10).
 p - a ring of protection from fire (left hand)
 q - an amulet of magic regeneration (around neck)
 u - a ring of flight
 y - an amulet of the acrobat
 I - a ring of ice
 P - a ring of protection from fire
 U - a +4 ring of protection
Talismans
 J - a granite talisman
Wands
 v - a wand of acid (6)
 F - a wand of roots (13)
 H - a wand of flame (23)
 M - a wand of paralysis (7)
Scrolls
 d - 5 scrolls of identify
 h - a scroll of amnesia
 n - 3 scrolls of fog
 t - 4 scrolls of enchant armour
 w - 2 scrolls of poison
 A - 3 scrolls of teleportation
 L - 3 scrolls of silence {unknown}
 O - 2 scrolls of vulnerability {unknown}
 Q - 2 scrolls of enchant weapon {unknown}
 V - a scroll of summoning {unknown}
 X - a scroll of immolation {unknown}
 Z - a scroll of acquirement {unknown}
Potions
 c - 2 potions of haste
 g - a potion of invisibility
 i - 4 potions of might
 l - 2 potions of resistance
 m - a potion of berserk rage
 r - 7 potions of curing
 s - 4 potions of heal wounds
 x - 5 potions of mutation
 z - 2 potions of brilliance {unknown}
 B - 3 potions of enlightenment
 E - 4 potions of lignification
 G - a potion of attraction {unknown}
 N - 2 potions of degeneration {unknown}
 S - a potion of ambrosia {unknown}
Miscellaneous
 a - a condenser vane
 Y - a phantom mirror (inert)


   Skills:
 - Level 4.0 Staves
 - Level 3.0 Armour
 - Level 1.5 Dodging
 - Level 2.4 Stealth
 + Level 17.3 Spellcasting
 - Level 3.3 Conjurations
 - Level 6.0 Hexes
 + Level 17.5 Necromancy
 + Level 1.1 Ice Magic
 - Level 8.0 Evocations


You had 16 spell levels left.
You knew the following spells:

 Your Spells              Type           Power      Damage    Failure   Level
a - Necrotise             Necr           100%       1d9       0%          1
b - Vampiric Draining     Necr           95%        2d12      0%          3
c - Animate Dead          Necr           95%        N/A       1%          4
d - Magic Dart            Conj           100%       1d8       1%          1
e - Dispel Undead         Necr           95%        3d30      1%          4
f - Cigotuvi's Dreadful   Necr/Alch/Air  100%       N/A       1%          2
g - Martyr's Knell        Necr/Summ      70%        N/A       1%          4
h - Death Channel         Necr           47%        N/A       1%          6
i - Anguish               Hex/Necr       39%        N/A       1%          4
j - Ozocubu's Armour      Ice            23%        N/A       7%          3

Your spell library contained the following spells:

 Spells                   Type           Power      Damage    Failure   Level
 Fugue of the Fallen      Necr           95%        N/A       0%          3
 Kiss of Death            Conj/Necr      100%       2d13      1%          1
 Searing Ray              Conj           64%        2d6       1%          2
 Sigil of Binding         Hex            43%        N/A       1%          3
 Curse of Agony           Necr           95%        N/A       1%          5
 Borgnjor's Vile Clutch   Necr/Erth      35%        N/A       3%          5
 Hailstorm                Conj/Ice       27%        3d8       4%          3
 Summon Ice Beast         Ice/Summ       20%        N/A       9%          3
 Dimensional Bullseye     Hex/Tloc       15%        N/A       11%         4
 Call Canine Familiar     Summ           18%        N/A       12%         3
 Fulminant Prism          Conj/Alch      12%        3d9       19%         4
 Borgnjor's Revivificati  Necr           47%        N/A       19%         8
 Infestation              Necr           47%        N/A       19%         8
 Leda's Liquefaction      Alch/Erth      9%         N/A       36%         4
 Manifold Assault         Tloc           18%        N/A       36%         4
 Haunt                    Necr/Summ      35%        N/A       65%         7
 Lee's Rapid Deconstruct  Erth           9%         3d7*      71%         5
 Summon Forest            Summ/Tloc      9%         N/A       71%         5
 Bombard                  Conj/Erth      12%        9d3       96%         6
 Death's Door             Necr           47%        N/A       96%         9
 Eringya's Noxious Bog    Alch           9%         4d6       99%         6
 Sculpt Simulacrum        Ice/Alch       10%        N/A       99%         6
 Summon Hydra             Summ           9%         N/A       100%        7


Dungeon Overview and Level Annotations

Branches:
Dungeon (10/15)            Temple (1/1) D:6            Lair (5/5) D:10
  Swamp (0/4) Lair:3       Spider (0/4) Lair:3        Slime (0/5) Lair:5
    Orc (2/2) D:10            Elf (0/3) Orc:2       Volcano (visited)

Altars:
Ashenzari
Cheibriados
Dithmenos
Elyvilon
Fedhas
Gozag
Hepliaklqana
Kikubaaqudgha
Makhleb
Nemelex Xobeh
Okawaru
Qazlal
Ru
Sif Muna
Trog
Uskayaw
Vehumet
Wu Jian
Xom
Yredelemnul
Zin
The Shining One
Jiyva

Shops:
D:2 *   D:9 !   D:10 =   Orc:1 [


Innate Abilities, Weirdness & Mutations

You have razor-sharp teeth.
Your natural rate of healing is unusually fast.
When hurt, damage is shared between your health and your magic reserves.
Your bite disrupts and absorbs the magic of your enemies.
Potions cannot restore your health.


Message History

You feel troubled.
The orc priest miscasts a cantrip.
The orc high priest prays to Beogh.
The orc warrior hits your ogre zombie with a +0 broad axe!
Your spectral orc barely misses the orc warrior.
The orc priest hits you but does no damage.
The orc warrior misses you.
Your orc warrior barely misses something.
The orc warrior misses you. The orc wizard completely misses you.
Something hits your ogre zombie. Something hits you but does no damage.
The orc warrior hits your ogre zombie with a +0 trident!
An orc sorcerer comes into view.
It is wielding a +0 dagger of speed and wearing a +2 robe of willpower.
The ice devil hits your ogre zombie. The ice devil freezes your ogre zombie.
Your ogre zombie resists.
Your ogre zombie is destroyed!
Casting: Vampiric Draining (safe; 0% risk of failure)
Confirm with . or Enter, or press ? or * to list all spells.
You don't know that spell.
Unknown command.
Casting: Vampiric Draining (safe; 0% risk of failure)
Confirm with . or Enter, or press ? or * to list all spells.
Aiming: Vampiric Draining (safe; 0% risk of failure)
Press: ? - help, Shift-Dir - straight line, f/p - orc wizard
Aim: an orc wizard, wielding a +0 dagger of freezing and wearing a +0 robe (almost dead)
You feel a surge of power!
You draw life force from the orc wizard!!
You kill the orc wizard!
Kikubaaqudgha accepts your kill.
You feel life coursing into your body.
A glowing mist starts to gather...
The orc priest invokes the aid of Beogh against you.
Beogh smites you!
* * * LOW HITPOINT WARNING * * *
Your spectral orc hits the orc warrior but does no damage.
The orc warrior completely misses you.
The orc warrior hits you with a +1 flail of venom.
* * * LOW HITPOINT WARNING * * *
An orc wizard comes into view. It is wielding a +0 dagger.
The orc barely misses you.
The soul eater draws from the surrounding life force!
You die...
Kikubaaqudgha rasps: "You have failed me!
Welcome... death!"

.......#.......$
........oo...#..
...4...ooo......
....4.o.oo{o.#..
.....ooo.#ooo...
.......{o.o.o...
.#...ooo4o{o....
.....43oo{......
......Z@oo.###..
.......).o##
.......)$...#
.....)..Z.......
.....)$..$..#..#
...........#.$..
...............#
.............###
.......#...##


You could see a soul eater (summoned), an orc high priest, an ice devil
(summoned), 4 orc sorcerers, 3 chaos spawn, 5 orc warriors, 7 orc priests, 3 orc
wizards, 7 orcs, a friendly spectral orc, a friendly spectral orc wizard and a
friendly orc warrior (summoned, very drained).

Vanquished Creatures
  3 hydras
  An ice dragon (Lair:4)
  A centaur warrior (D:10)
  2 boulder beetles (Lair:4)
  2 two-headed ogres
  An ogre mage (D:10)
  A tengu warrior (D:10)
  4 death yaks (Lair:5)
  Nergalle (Lair:2)
  A skyshark (Lair:3)
  2 deep elf archers (Volcano)
  2 lindwurms (Lair:5)
  6 deep elf pyromancers (Volcano)
  A wolf spider (Lair:5)
  An orc sorcerer (Orc:2)
  2 cyclopes
  7 black mambas
  9 elephants
  A torpor snail (Lair:5)
  11 cane toads
  A gargoyle (D:10)
  Jeremiah (D:8)
  2 kobold demonologists (D:10)
  3 komodo dragons
  2 rime drakes
  7 polar bears
  2 trolls (D:10)
  A hornet (D:6)
  A raiju (Lair:5)
  7 blink frogs
  2 tyrant leeches (Lair:5)
  A slime creature (D:8)
  A vampire (D:10)
  18 yaks
  A wraith (D:10)
  A shadow (D:10)
  A basilisk (Lair:5)
  3 fire elementals (Volcano)
  5 wyverns
  2 steam dragons
  4 wargs
  Grum (D:8)
  A swamp worm (Lair:3)
  3 acid dragons
  Duvessa (D:5)
  5 water moccasins
  7 orc warriors
  3 hell hounds
  5 ice beasts
  7 black bears
  6 ogres
  12 wolves
  8 centaurs
  A phantom (D:5)
  6 kobold brigands
  A gnoll sergeant (D:10)
  7 scorpions
  9 bullfrogs
  7 wights
  Dowan (D:5)
  2 killer bees (D:10)
  An electric eel (Lair:1)
  A wolf zombie (Lair:5)
  4 hounds
  5 orc priests
  3 bombardier beetles
  2 gnoll boudas
  4 jellies
  A sleepcap (D:5)
  5 iguanas (D:5)
  14 orc wizards
  9 gnolls
  7 adders
  6 river rats (D:6)
  A shadow imp (D:4)
  2 ufetubi (D:6)
  A dart slug (D:8)
  A ribbon worm (D:3)
  39 orcs
  2 bats
  6 endoplasms
  3 giant cockroaches
  9 goblins
  4 hobgoblins
  4 jackals (D:3)
  11 quokkas
  5 ball pythons
  4 frilled lizards
  14 kobolds
  20 rats
406 creatures vanquished.

Vanquished Creatures (collateral kills)
  A two-headed ogre (Orc:2)
  A hell hog (Lair:5)
  4 death yaks (Lair:5)
  A skyshark (Lair:3)
  A lindwurm (Lair:5)
  A deep elf pyromancer (Volcano)
  11 elephants
  An ice statue (Lair:4)
  7 cane toads
  4 torpor snails
  2 rime drakes
  6 komodo dragons
  A tengu conjurer (D:10)
  A tyrant leech (Lair:5)
  4 polar bears
  6 hornets (Lair:5)
  A raiju (Lair:5)
  18 blink frogs
  4 dream sheep (Lair:5)
  A jumping spider (Lair:3)
  A fire elemental (Volcano)
  A wyvern (Lair:4)
  30 yaks
  A redback (Lair:3)
  A warg (Lair:5)
  A swamp worm (Lair:3)
  12 hell hounds
  5 water moccasins
  3 orc warriors (Orc:2)
  4 ice beasts (Lair:4)
  7 black bears (Lair:5)
  17 wolves
  A phantom (D:5)
  4 bullfrogs
  3 wights (D:8)
  A jelly (D:5)
  An iguana (Lair:3)
  An orc wizard (Orc:2)
  A nameless horror (Lair:2)
  9 orcs
  A ball python (D:3)
  A hobgoblin (D:2)
  A frilled lizard (D:2)
  6 rats
189 creatures vanquished.

Vanquished Creatures (others)
  A fire dragon (Lair:5)
  4 death yaks (Lair:5)
  A torpor snail (Lair:5)
  7 death yak zombies (Lair:5)
  A hydra zombie (Lair:5)
  2 polar bears (Lair:5)
  3 yaks (Lair:5)
  A slime creature zombie (D:8)
  A black mamba zombie (Lair:1)
  4 cane toad zombies
  4 hell hounds (Lair:5)
  An orc warrior (Orc:2)
  5 elf zombies (Volcano)
  10 elephant zombies
  A dream sheep zombie (Lair:5)
  A wolf (Lair:5)
  5 blink frog zombies
  A komodo dragon zombie (Lair:3)
  A wyvern zombie (Lair:4)
  4 hell hound zombies (Volcano)
  3 water moccasin zombies (Lair:5)
  13 yak zombies
  9 wolf zombies
  A bullfrog zombie (Lair:4)
  A basilisk zombie (Lair:5)
  An iguana (D:8)
  2 ogre zombies (Orc:2)
  An iguana zombie (D:8)
  A dart slug zombie (D:8)
  9 orc zombies (Orc:2)
99 creatures vanquished.

Grand Total: 694 creatures vanquished

Notes
Turn   | Place    | Note
-------+----------+-------------------------------------------
     0 | D:1      | stipulation the Vine Stalker Necromancer began the quest
                  | for the Orb.
     0 | D:1      | Reached XP level 1. HP: 9/9 MP: 4/4
   222 | D:1      | Reached XP level 2. HP: 13/13 MP: 1/6
  1367 | D:2      | Reached XP level 3. HP: 16/16 MP: 3/8
  1666 | D:2      | Found Ufrub's Assorted Antiques.
  2328 | D:3      | Reached XP level 4. HP: 21/21 MP: 8/10
  2515 | D:3      | Learned a level 3 spell: Vampiric Draining
  3178 | D:3      | Reached skill level 5 in Necromancy
  3340 | D:4      | Noticed a scorpion
  3353 | D:4      | Killed a scorpion
  3354 | D:4      | Reached XP level 5. HP: 24/24 MP: 5/12
  3449 | D:4      | Found a glowing golden altar of the Shining One.
  3498 | D:4      | Identified the +6 mace of Destiny {freeze, rElec rPois
                  | Will+ Str-5}
  3690 | D:4      | Found the ring of the Hare {EV+10}
  3720 | D:4      | Reached XP level 6. HP: 28/28 MP: 0/13
  4229 | D:5      | Entered Level 5 of the Dungeon
  4336 | D:5      | Found a glowing silver altar of Zin.
  4361 | D:5      | Noticed a black bear
  4365 | D:5      | Reached skill level 5 in Spellcasting
  4372 | D:5      | Killed a black bear
  4381 | D:5      | Reached XP level 7. HP: 32/32 MP: 2/16
  4717 | D:5      | Noticed Duvessa
  4717 | D:5      | Noticed Dowan
  4961 | D:5      | Gained mutation: You have razor-sharp teeth. [Vine Stalker
                  | growth]
  4961 | D:5      | Reached XP level 8. HP: 36/36 MP: 13/18
  5202 | D:5      | Found an ancient bone altar of Kikubaaqudgha.
  5256 | D:6      | Noticed a hornet
  5629 | D:6      | Reached XP level 9. HP: 39/39 MP: 16/22
  5683 | D:6      | Killed a hornet
  6159 | D:6      | Found a sparkling altar of Nemelex Xobeh.
  6215 | D:6      | Found a staircase to the Ecumenical Temple.
  6545 | Temple   | Entered the Ecumenical Temple
  6662 | D:5      | Became a worshipper of Kikubaaqudgha
  7594 | D:7      | Reached skill level 10 in Necromancy
  8005 | D:7      | Found a hide-covered altar of Uskayaw.
  8022 | D:7      | Reached skill level 10 in Spellcasting
  8029 | D:7      | Reached XP level 10. HP: 44/44 MP: 25/25
  8613 | D:5      | Killed Duvessa
  8625 | D:5      | Killed Dowan
  8762 | D:5      | Reached * piety under Kikubaaqudgha
  8762 | D:5      | Received a gift from Kikubaaqudgha
  8952 | D:7      | Learned a level 4 spell: Animate Dead
  8958 | D:7      | Learned a level 1 spell: Magic Dart
  9154 | D:8      | Found a hazy altar of Hepliaklqana.
  9168 | D:8      | Noticed Grum
  9172 | D:8      | Reached skill level 1 in Conjurations
  9187 | D:8      | Killed Grum
  9412 | D:8      | Noticed Jeremiah
  9543 | D:8      | Killed Jeremiah
  9878 | D:8      | Found a blossoming altar of Fedhas.
  9905 | D:8      | Found an ornate altar of the Wu Jian Council.
 10045 | D:9      | Found Zahaussa's Distillery.
 10060 | D:9      | Bought 2 potions of lignification for 90 gold pieces
 10060 | D:9      | Bought a potion of mutation for 120 gold pieces
 10318 | D:9      | Noticed a cyclops
 10325 | D:9      | Killed a cyclops
 10326 | D:9      | Reached skill level 1 in Staves
 10326 | D:9      | Reached skill level 1 in Evocations
 10505 | D:9      | Learned a level 4 spell: Dispel Undead
 10558 | D:9      | Noticed a two-headed ogre
 10672 | D:9      | Learned a level 2 spell: Cigotuvi's Dreadful Rot
 10776 | D:9      | Killed a two-headed ogre
 10837 | D:9      | Reached XP level 11. HP: 46/47 MP: 17/27
 10926 | D:10     | Entered Level 10 of the Dungeon
 11002 | D:10     | Found a staircase to the Lair.
 11002 | D:10     | Noticed a two-headed ogre
 11032 | D:10     | Killed a two-headed ogre
 11339 | D:10     | Found Feorgh's Jewellery Emporium.
 11582 | D:10     | Reached ** piety under Kikubaaqudgha
 11747 | D:10     | Noticed a cyclops
 11754 | D:10     | Killed a cyclops
 11814 | D:10     | Noticed a centaur warrior
 11823 | D:10     | Killed a centaur warrior
 12031 | D:10     | Noticed an ogre mage
 12237 | D:10     | Found a broken altar of Ashenzari.
 12253 | D:10     | Found a staircase to the Orcish Mines.
 12420 | D:10     | Found a stormy altar of Qazlal.
 12500 | D:10     | Learned a level 4 spell: Martyr's Knell
 12782 | D:10     | Reached skill level 5 in Evocations
 12815 | D:10     | Noticed a tengu warrior
 12849 | D:10     | Killed a tengu warrior
 12850 | D:10     | Reached XP level 12. HP: 39/47 MP: 10/29
 13143 | D:10     | Killed an ogre mage
 13426 | D:10     | Learned a level 6 spell: Death Channel
 13452 | Lair:1   | Entered Level 1 of the Lair of Beasts
 13465 | Lair:1   | Reached *** piety under Kikubaaqudgha
 13465 | Lair:1   | Received a gift from Kikubaaqudgha
 14648 | Lair:2   | Noticed a five-headed hydra
 14666 | Lair:2   | Killed a five-headed hydra
 14725 | Lair:2   | Reached XP level 13. HP: 50/55 MP: 31/31
 14747 | Lair:2   | Noticed Nergalle
 14749 | Lair:2   | Reached **** piety under Kikubaaqudgha
 14761 | Lair:2   | Killed Nergalle
 15472 | Lair:3   | Found a dark tunnel.
 15500 | Volcano  | Entered a volcano
 15577 | Volcano  | Reached ***** piety under Kikubaaqudgha
 15903 | Lair:3   | HP: 1/55 [skyshark (2)]
 15904 | Lair:3   | Reached skill level 15 in Necromancy
 16019 | Lair:3   | Reached skill level 1 in Armour
 16126 | Lair:3   | Found a hole to the Spider Nest.
 16351 | Lair:3   | Reached skill level 15 in Spellcasting
 16660 | Lair:3   | Reached XP level 14. HP: 50/59 MP: 11/34
 16698 | Lair:3   | Found a staircase to the Swamp.
 16867 | Lair:3   | Learned a level 4 spell: Anguish
 17103 | Lair:4   | Reached skill level 1 in Hexes
 18011 | Lair:5   | Entered Level 5 of the Lair of Beasts
 18123 | Lair:5   | Reached skill level 5 in Hexes
 18218 | Lair:5   | Reached ****** piety under Kikubaaqudgha
 18274 | Lair:5   | Reached XP level 15. HP: 37/63 MP: 5/36
 18424 | Lair:5   | Paralysed by a hornet for 2 turns
 19211 | Lair:5   | Found a viscous altar of Jiyva.
 19212 | Lair:5   | Found a staircase to the Slime Pits.
 19401 | Lair:5   | Received a gift from Kikubaaqudgha (forbidden knowledge)
 19406 | Lair:5   | Learned a level 3 spell: Ozocubu's Armour
 19594 | Orc:1    | Entered Level 1 of the Orcish Mines
 19604 | Orc:1    | Found Asarulih's Antique Armour Shoppe.
 19668 | Orc:2    | Entered Level 2 of the Orcish Mines
 19668 | Orc:2    | Found a staircase to the Elven Halls.
 19699 | Orc:2    | Reached skill level 1 in Ice Magic
 19712 | Orc:2    | HP: 2/63 [orc priest/divine providence (8)]
 19719 | Orc:2    | Slain by a soul eater

Illustrated notes

Levels and vault maps discovered:
D:1:      saegor_arrival_under_anarchy, layout_basic,
          nicolae_concentric_dashed_squares_wild
D:2:      layout_loops_corners, serial_shops, shop, serial_park_tiny_pond
D:3:      layout_basic
D:4:      layout_basic, mainiacjoe_overflow_brackets,
          nicolae_twisty_statue_hallways
D:5:      minmay_polygon_palace, layout_basic, zin_academy, kennysheep_mini,
          st_stairs_6, uniq_duvessa
D:6:      lemuel_ratsnest, layout_cave_pools, nemelex_spade_bored_becter,
          minmay_temple_entry_from_below_a
D:7:      layout_loops_cross, nicolae_uskayaw_murder_on_the_dancefloor
D:8:      layout_basic, jmf_multi_god_temple2, mainiacjoe_overflow_catwalk,
          uniq_grum, uniq_jeremiah
D:9:      layout_roguey, serial_shops, shop
D:10:     minmay_imperfect_grid, layout_long_grid,
          mainiacjoe_overflow_small_starburst, nicolae_qazlal_style_of_elements,
          serial_shops, shop_statue, minmay_misc_feat_four_crosses,
          serial_library_hellmonk_hallway_b, hangedman_decor_lopped
Temple:   chequers_temple_sunken
Lair:1:   layout_regular_city, serial_bayou_ford_a
Lair:2:   layout_big_grid, lemuel_old_faithful, uniq_nergalle
Lair:3:   layout_regular_city, palyth_hydra_swamp_entry,
          spider_nest_entry_rubble, nicolae_volcano_entry_lava_flow,
          grunt_megastairs_5
Lair:4:   layout_cave_pods, ice2_lemuel, serial_bayou_shore_b,
          grunt_megastairs_3
Lair:5:   hangedman_lair_caniforms_friends, layout_gridlike, wormcave,
          dpeg_slime_entry_corner
Orc:1:    gammafunk_beogh_shrine, layout_caves, serial_shops, shop_statue,
          nicolae_orc_tapped_out
Orc:2:    st_orc_mages, layout_caves

Skill      XL: |  1  2  3  4  5  6  7  8  9 10 11 12 13 14 15 |
---------------+----------------------------------------------+-----
Spellcasting   | 3 4 5 6 8 10 11 12 13 15 16 17 | 17.3
Necromancy     | 5 6 7 8 10 11 12 14 15 16 17 | 17.5
Conjurations   | 3 |  3.3
Staves         | 2 4 |  4.0
Evocations     | 2 5 7 8 |  8.0
Armour         | 2 3 |  3.0
Hexes          | 6 |  6.0
Ice Magic      | 1 |  1.1
Dodging        | |  1.5
Stealth        | |  2.4

Action                     |  1- 3 |  4- 6 |  7- 9 | 10-12 | 13-15 || total
---------------------------+-------+-------+-------+-------+-------++-------
  Melee: Unarmed           |     1 |       |       |       |       ||     1
         Dagger            |       |    57 |   140 |   113 |       ||   310
         Bite              |       |    18 |    47 |    93 |   134 ||   292
         Punch             |       |       |     4 |     8 |     2 ||    14
         Staff             |       |       |       |   193 |   367 ||   560
   Cast: Necrotise         |    67 |    80 |   257 |   331 |    21 ||   756
         Vampiric Draining |       |     9 |    23 |    98 |   125 ||   255
         Cigotuvi's Dreadf |       |       |       |    16 |     2 ||    18
         Animate Dead      |       |       |       |     7 |    11 ||    18
         Dispel Undead     |       |       |       |     5 |       ||     5
         Martyr's Knell    |       |       |       |    12 |    53 ||    65
         Death Channel     |       |       |       |     3 |    19 ||    22
         Magic Dart        |       |       |       |     2 |       ||     2
         Anguish           |       |       |       |       |    11 ||    11
 Invoke: Unearth Wretches  |       |       |       |     1 |       ||     1
         Receive Forbidden |       |       |       |       |     1 ||     1
  Evoke: Wand              |       |       |     4 |     7 |     2 ||    13
         Condenser vane    |       |       |       |       |     1 ||     1
         Phantom mirror    |       |       |       |       |     1 ||     1
    Use: Scroll            |     3 |       |     5 |     9 |       ||    17
         Potion            |       |       |     1 |     2 |     5 ||     8
   Stab: Distracted        |       |       |       |     1 |     9 ||    10
 Armour: Robe              |       |    34 |    81 |   189 |    97 ||   401
         Leather armour    |       |       |       |       |   262 ||   262
  Dodge: Dodged            |     1 |   100 |   440 |   631 |   793 ||  1965
